 Dungeon Crawl Stone Soup version 0.31-a0-765-g67fe2935dc (webtiles) character file.

Game seed: 4897021329587109462

189 Newt the Trooper (level 5, -6/42 HPs)
             Began as a Demonspawn Gladiator on Sept 15, 2023.
             Killed by divine providence
             ... invoked by an orc priest
              (11 damage)
             ... on level 3 of the Dungeon.
             The game lasted 00:02:24 (2383 turns).

Newt the Trooper (Demonspawn Gladiator)             Turns: 2383, Time: 00:02:25

Health: -6/42      AC:  4    Str: 17    XL:     5   Next: 40%
Magic:  5/5        EV: 12    Int:  9    God:
Gold:   1018       SH:  0    Dex: 14    Spells: 4/4 levels left

rFire   . . .        d - +3 hand axe (heavy)
rCold   . . .        (no shield)
rNeg    . . .        b - +0 leather armour
rPois   .            c - +0 helmet
rElec   .            (no cloak)
rCorr   .            (no gloves)
SInv    .            (no boots)
Will    .....        (no amulet)
Stlth   +            (no ring)
HPRegen 0.27/turn    (no ring)
MPRegen 0.09/turn

%: no passive effects
@: invisible
A: foul stench 1, demonic touch 1
a: no special abilities


You were on level 3 of the Dungeon.
You visited 1 branch of the dungeon, and saw 3 of its levels.

You collected 1018 gold pieces.

Inventory:

Hand Weapons
 a - a +0 rapier
 d - a +3 heavy hand axe (weapon)
Missiles
 e - a javelin
 j - 5 boomerangs (quivered)
 n - 2 throwing nets
Armour
 b - a +0 leather armour (worn)
 c - a +0 helmet (worn)
Scrolls
 i - a scroll of immolation
 r - 2 scrolls of silence {unknown}
 s - 2 scrolls of vulnerability {unknown}
Potions
 f - 2 potions of lignification
 h - a potion of berserk rage
 l - a potion of enlightenment {unknown}
 m - a potion of degeneration {unknown}
 o - a potion of brilliance {unknown}
 p - a potion of resistance {unknown}
 q - a potion of heal wounds {unknown}


   Skills:
 - Level 4.0 Fighting
 - Level 3.4 Short Blades
 + Level 2.8 Axes
 - Level 1.7 Throwing
 - Level 2.6 Dodging


You had 4 spell levels left.
You didn't know any spells.
Your spell library contained the following spells:

 Spells                   Type           Power      Damage    Failure   Level
 Dazzling Flash           Conj/Hex       0%         N/A       83%         3
 Volatile Blastmotes      Fire/Tloc      0%         2d10      83%         3
 Starburst                Conj/Fire      0%         6d3       100%        6
 Maxwell's Capacitive Co  Air            0%         ∞         100%        8


Dungeon Overview and Level Annotations

Branches:
Dungeon (3/15)

Altars:

Annotations:
D:3 2 transporters, Aneyh's ghost, novice TeMo


Innate Abilities, Weirdness & Mutations

You may rarely emit foul miasma when damaged in melee.
Your touch may inflict minor irresistible damage on your foes.


Message History

You hit the orc. The scorpion stings you. The orc closely misses you.
The scorpion closely misses you. The orc barely misses you.
Unknown command.
You hit the scorpion.
The scorpion is almost dead.
You catch the helpless orc completely off-guard!
You hit the orc.
You kill the orc!
The scorpion barely misses you. The scorpion misses you.
Unknown command.
You closely miss the scorpion. Your punch misses the scorpion.
The scorpion is almost dead.
You closely miss the orc.
You kill the scorpion!
The orc barely misses you. The orc closely misses you.
Your Axes skill increases to level 2!
You have reached level 5!
Unknown command.
The orc barely misses you.
Unknown command.
The orc barely misses you.
The orc priest mumbles some strange prayers to Beogh against you.
Pain shoots through your body!
* * * LOW HITPOINT WARNING * * *
Things that are here:
a +0 club; a +0 leather armour; an orc corpse Unknown command.
You closely miss the orc priest. You hit the orc but do no damage.
The orc closely misses you. The orc priest completely misses you.
An orc priest comes into view. It is wielding a +0 hand axe.
The orc priest completely misses you. The orc closely misses you.
Unknown command.
You catch the helpless orc priest completely off-guard!
You hit the orc priest. Your touch misses the orc priest.
The orc priest is moderately wounded.
You hit the orc. The orc closely misses you. The orc priest closely misses you.
The orc hits you but does no damage.
The orc priest calls down the wrath of Beogh upon you.
Beogh smites you!
You die...

.. .... .#. ######## ...##
#.#.##......##
....########..#.#........##
.............##...........#
....# #.......##..=.......#
....###.†.....##o.....$...#
†.............##@.........#
............o....o........#
>.#....<.................##
#...##........##..........#
#...##.........#..)..[....#
...##..###.###.#..........#
##.##.####..##.#...†......#
.#........#....#..........#
.#........###..##.####...##


You could see 2 orc priests and an orc (unable to see you).

Vanquished Creatures
  A scorpion (D:3)
  Terence (D:2)
  2 adders (D:2)
  2 worms
  A dart slug (D:1)
  13 orcs
  4 ball pythons (D:1)
  6 endoplasms
  7 giant cockroaches
  7 goblins
  2 hobgoblins
  2 kobolds (D:3)
  3 quokkas
  10 bats
  A frilled lizard (D:2)
  A rat (D:3)
63 creatures vanquished.

Notes
Turn   | Place    | Note
-------+----------+-------------------------------------------
     0 | D:1      | Newt the Demonspawn Gladiator began the quest for the Orb.
     0 | D:1      | Reached XP level 1. HP: 16/16 MP: 1/1
   219 | D:1      | Gained mutation: Your touch may inflict minor irresistible
                  | damage on your foes. [demonic ancestry]
   219 | D:1      | Reached XP level 2. HP: 11/23 MP: 2/2
   369 | D:1      | Reached skill level 3 in Fighting
  1040 | D:2      | Gained mutation: You may rarely emit foul miasma when
                  | damaged in melee. [demonic ancestry]
  1040 | D:2      | Reached XP level 3. HP: 30/30 MP: 3/3
  1207 | D:2      | Reached skill level 4 in Fighting
  1435 | D:2      | Noticed Terence
  1441 | D:2      | Killed Terence
  1442 | D:2      | Reached XP level 4. HP: 13/37 MP: 4/4
  2108 | D:3      | Identified a scroll of acquirement
  2108 | D:3      | Acquired 973 gold pieces
  2125 | D:3      | Reached skill level 1 in Axes
  2133 | D:3      | Found a transporter.
  2133 | D:3      | Found a transporter.
  2133 | D:3      | Noticed Aneyh's ghost (novice TeMo)
  2358 | D:3      | Found a faded altar of an unknown god.
  2367 | D:3      | Noticed a scorpion
  2379 | D:3      | Killed a scorpion
  2380 | D:3      | Reached XP level 5. HP: 18/42 MP: 5/5
  2383 | D:3      | Killed from afar by an orc priest

Illustrated notes

Levels and vault maps discovered:
D:1:      kennysheep_arrival_seaside, layout_loops_corners
D:2:      layout_loops_ring, uniq_terence
D:3:      layout_rooms, hellmonk_ecumenical_altar_leap_of_faith,
          gammafunk_ghost_mausoleum

Skill      XL: |  1  2  3  4 |
---------------+-------------+-----
Fighting       | 3 4 |  4.0
Short Blades   | 3 |  3.4
Axes           | 2 |  2.8
Throwing       | |  1.7
Dodging        | |  2.6

Action                     |  1- 3 |  4- 6 || total
---------------------------+-------+-------++-------
  Melee: Rapier            |   126 |       ||   126
         Touch             |     8 |     7 ||    15
         Hand axe          |       |    41 ||    41
  Throw: Throwing net      |     3 |       ||     3
    Use: Scroll            |     3 |     3 ||     6
         Potion            |       |     2 ||     2
   Stab: Sleeping          |     3 |       ||     3
         Invisible         |       |     2 ||     2
 Armour: Leather armour    |    85 |    35 ||   120
  Dodge: Dodged            |    96 |    50 ||   146

Table legend: (Time is in decaauts)
 A = Elapsed time spent in this place.
 B = Non-inter-level travel time spent in this place.
 C = Inter-level travel time spent in this place.
 D = Time resting spent in this place.
 E = Time spent auto-exploring this place.
 F = Levels seen in this place.
 G = Mean time per level.
                   A        B        C        D        E       F      G
               +--------+--------+--------+--------+--------+-----+--------+
         Total |   2427 |   2348 |     79 |    292 |   1617 |   3 |  809.0 |
       Dungeon |   2427 |   2348 |     79 |    292 |   1617 |   3 |  809.0 |
               +--------+--------+--------+--------+--------+-----+--------+

Top non-repeatable levels by time:
     D:1: 1013 daAuts
     D:2: 991 daAuts
     D:3: 423 daAuts
